 Dungeon Crawl Stone Soup version 0.13-a0-1536-gedae9ec (webtiles) character file.

4236 Kae the Basher (level 9, -2/117 HPs)
             Began as a Minotaur Berserker on June 10, 2013.
             Was a High Priest of Trog.
             Killed by divine providence
             ... invoked by an orc priest
              (14 damage)
             ... on Level 9 of the Dungeon.
             The game lasted 00:12:18 (6494 turns).

Kae the Basher (Minotaur Berserker)                 Turns: 6494, Time: 00:12:18

HP  -2/117       AC 12     Str 26      XL: 9   Next: 98%
MP   3/3         EV 13     Int  4      God: Trog [*****.]
Gold 389         SH  0     Dex 19      Spells:  0 memorised,  8 levels left

Res.Fire  : . . .   See Invis. : .   a - +1,+3 mace
Res.Cold  : . . .   Warding    : .   E - +0 scale mail
Life Prot.: . . .   Conserve   : .   (no shield)
Res.Poison: .       Res.Corr.  : .   (helmet restricted)
Res.Elec. : .       Clarity    : .   (no cloak)
Sust.Abil.: . .     Spirit.Shd : .   y - +0 pair of elf gauntlets
Res.Mut.  : .       Stasis     : .   H - +2 pair of dwarf boots
Res.Rott. : .       Flight     : .   (no amulet)
Saprovore : . . .                    p - +5 ring of dexterity
                                     d - ring of sustenance

@: regenerating, berserking, very quick, very resistant to hostile enchantments,
extremely unstealthy
A: retaliatory headbutt, horns 2
a: Burn Spellbooks, Berserk, Trog's Hand, Brothers in Arms, Renounce Religion


You were on level 9 of the Dungeon.
You worshipped Trog.
Trog was exalted by your worship.
You were hungry.

You visited 2 branches of the dungeon, and saw 10 of its levels.

You collected 369 gold pieces.

Inventory:

Hand weapons
 a - a +1,+3 mace (weapon)
 o - a +0,+0 morningstar
Armour
 y - a +0 pair of elven gauntlets (worn)
 E - a +0 scale mail (worn)
 H - a +2 pair of dwarven boots (worn)
Magical devices
 F - a wand of fireball (3) {unknown}
Comestibles
 c - 11 bread rations
 i - an apple
 m - 7 meat rations
 x - a choko
 I - an apricot
Scrolls
 b - 2 scrolls of magic mapping
 e - 3 scrolls of recharging {unknown}
 f - 7 scrolls of remove curse
 q - 5 scrolls of identify
 t - a scroll of blinking {unknown}
 w - 3 scrolls of teleportation
 A - a scroll of fog {unknown}
 C - a scroll of enchant weapon I
 K - a scroll of noise {unknown}
Jewellery
 d - a ring of sustenance (left hand)
 p - a +5 ring of dexterity (right hand)
 s - the cursed ring "Veaff" {Fire rElec Str+1 Int-2, unknown}
   (You found it on level 6 of the Dungeon)

   [ring of fire]

   It affects your strength (+1).
   It affects your intelligence (-2).
   It insulates you from electricity.
   It has a curse placed upon it.
 v - an uncursed ring of flight
 G - a cursed amulet of stasis {unknown}
Potions
 g - a potion of slowing {unknown}
 h - 3 potions of speed
 j - a potion of poison {unknown}
 k - 3 potions of heal wounds
 l - a potion of confusion {unknown}
 n - a potion of flight {unknown}
 r - 4 potions of curing
 u - a potion of magic {unknown}
 z - a potion of mutation {unknown}
 B - a potion of brilliance {unknown}
 J - a potion of resistance {unknown}
 L - a potion of restore abilities {unknown}
Books
 D - a book of Power

   Spells                             Type                      Level
   Iskenderun's Mystic Blast          Conjuration                  4
   Venom Bolt                         Conjuration/Poison           5
   Bolt of Magma                      Conjuration/Fire/Earth       5
   Poisonous Cloud                    Conjuration/Poison/Air       6
   Iron Shot                          Conjuration/Earth            6
   Orb of Destruction                 Conjuration                  7
   Trog disapproves of the use of such an item.


   Skills:
 + Level 8.1 Fighting
 * Level 10.7 Maces & Flails
 + Level 7.7 Armour
 + Level 6.8 Dodging


You had 8 spell levels left.
You didn't know any spells.

Dungeon Overview and Level Annotations

Branches:
Dungeon (9/27)             Temple (1/1) D:5             Orc (0/4) D:8
   Lair (0/8) D:9

Altars:
Cheibriados
Fedhas
Makhleb
Okawaru
Xom
the Shining One


Innate Abilities, Weirdness & Mutations

You reflexively headbutt those who attack you in melee.
You have a pair of horns on your head.


Message History

The orc priest's wounds heal themselves!
The orc priest barely misses you. You furiously retaliate!
You headbutt the orc priest.
Unknown command.
You sock the orc priest!
The orc priest is severely wounded.
The orc warrior hits you with an orcish mace!
* * * LOW HITPOINT WARNING * * *
The orc priest mumbles some strange prayers to Beogh against you.
Something smites you!
* * * LOW HITPOINT WARNING * * *
Unknown command.
You sock the orc priest!
You kill the orc priest!
Trog accepts your kill. The orc hits you with an orcish mace.
* * * LOW HITPOINT WARNING * * *
The orc priest mumbles some strange prayers to Beogh against you.
Something smites you!
You die...

.[.............}#
..........<.....##
................#
................##
..................##
...................##
......o.............##
.......o[.............##
.......o@..............##
...#...o###########......
#...# ##..... ......
##.... ..... ##... ..>.
##.. .. ##. . ## #


You could see an orc warrior, 2 orc priests and an orc.

Vanquished Creatures
  A hill giant (D:6)
  A hill giant zombie (D:9)
  2 hippogriffs (D:8)
  A hungry ghost (D:7)
  The ghost of Kae the Sneak, an average SpEn (D:5)
  The ghost of Kae the Sneak, an average SpEn (D:3)
  4 orc warriors
  A sky beast (D:6)
  4 ogres
  A phantom (D:6)
  3 centaurs
  2 giant frogs
  An ogre zombie (D:8)
  3 crimson imps
  6 hounds
  4 scorpions
  5 orc priests
  A hound skeleton (D:6)
  7 orc wizards
  2 iguanas
  7 worker ants
  2 mummies
  8 adders
  A giant mite (D:3)
  An iguana skeleton (D:4)
  A worm (D:7)
  A bat skeleton (D:7)
  2 giant eyeballs
  2 oozes
  43 orcs
  A ball python (D:4)
  8 giant cockroaches
  14 goblins
  16 hobgoblins
  8 kobolds
  19 bats
  2 giant geckos
  3 giant newts
  A goblin zombie (D:5)
  A hobgoblin skeleton (D:4)
  A jackal skeleton (D:4)
  A jackal zombie (D:5)
  A kobold skeleton (D:7)
  2 quokkas
  15 rats
  2 rat skeletons
  A rat zombie (D:7)
215 creatures vanquished.

Vanquished Creatures (others)
  A gnoll (D:6)
  2 orcs (D:8)
  A ball python (D:6)
  A goblin (D:6)
5 creatures vanquished.

Grand Total: 220 creatures vanquished

Notes
Turn   | Place    | Note
--------------------------------------------------------------
     0 | D:1      | Kae, the Minotaur Berserker, began the quest for the Orb.
     0 | D:1      | Reached XP level 1. HP: 19/19 MP: 0/0
     5 | D:1      | Noticed a fire drake
     5 | D:1      | Noticed a black bear
     5 | D:1      | Noticed an anaconda
     5 | D:1      | Noticed a wolf
   215 | D:1      | Reached XP level 2. HP: 26/26 MP: 0/0
   243 | D:1      | Reached skill level 4 in Fighting
   465 | D:1      | Acquired Trog's second power
   729 | D:2      | Reached XP level 3. HP: 25/33 MP: 1/1
   734 | D:2      | HP: 1/33 [hobgoblin/club (4)]
  1456 | D:2      | Reached XP level 4. HP: 40/40 MP: 1/1
  1725 | D:3      | Noticed Kae's ghost (average SpEn)
  1734 | D:3      | Killed Kae's ghost
  1734 | D:3      | Reached skill level 5 in Fighting
  1734 | D:3      | Reached skill level 5 in Maces & Flails
  1734 | D:3      | Reached XP level 5. HP: 37/47 MP: 1/1
  2242 | D:4      | Reached XP level 6. HP: 45/53 MP: 2/2
  2334 | D:4      | Noticed an ogre
  2340 | D:4      | Killed an ogre
  2340 | D:4      | Reached skill level 6 in Maces & Flails
  2858 | D:5      | Entered Level 5 of the Dungeon
  2977 | D:5      | Noticed Kae's ghost (average SpEn)
  2989 | D:5      | Killed Kae's ghost
  2989 | D:5      | Reached XP level 7. HP: 32/60 MP: 2/2
  3140 | D:5      | Reached skill level 7 in Maces & Flails
  3140 | D:5      | Reached skill level 5 in Armour
  3435 | D:5      | Acquired Trog's third power
  3500 | D:5      | Found a staircase to the Ecumenical Temple.
  3608 | Temple   | Entered the Ecumenical Temple
  3735 | D:6      | Noticed a hill giant
  4057 | D:6      | Found a shimmering altar of Xom.
  4093 | D:6      | Reached XP level 8. HP: 41/69 MP: 2/2
  4388 | D:6      | Killed a hill giant
  4388 | D:6      | Reached skill level 8 in Maces & Flails
  4388 | D:6      | Reached skill level 5 in Dodging
  4500 | D:6      | Got a fine iron ring
  4652 | D:6      | Found a blossoming altar of Fedhas.
  4789 | D:7      | Reached skill level 9 in Maces & Flails
  4818 | D:7      | Reached XP level 9. HP: 50/75 MP: 3/3
  5321 | D:7      | Found a glowing golden altar of the Shining One.
  5641 | D:8      | Reached skill level 10 in Maces & Flails
  5685 | D:8      | Found a burning altar of Makhleb.
  5917 | D:8      | Found a staircase to the Orcish Mines.
  6402 | D:9      | Paralysed by a giant eyeball for 2 turns
  6408 | D:9      | Paralysed by a giant eyeball for 3 turns
  6439 | D:9      | Found a snail-covered altar of Cheibriados.
  6484 | D:9      | Found a staircase to the Lair.
  6494 | D:9      | Killed from afar by an orc priest

Action                   |  1- 3 |  4- 6 |  7- 9 || total
-------------------------+-------+-------+-------++-------
Melee: Mace              |    78 |    80 |   274 ||   432
       Morningstar       |       |       |    16 ||    16
Invok: Berserk           |     1 |     1 |    11 ||    13
       Trog's Hand       |     1 |       |     7 ||     8
  Use: Scroll            |     6 |       |    10 ||    16
       Potion            |     1 |       |     1 ||     2
 Stab: Sleeping          |     1 |     5 |       ||     6
